 Dungeon Crawl Stone Soup version 0.21-a0-91-ga5031da (webtiles) character file.

676 nikopol the Magician (level 7, -13/36 HPs)
             Began as a Deep Elf Fire Elementalist on June 30, 2017.
             Mangled by a two-headed ogre
             ... wielding a +0 giant club
              (20 damage)
             ... on level 5 of the Dungeon.
             The game lasted 00:23:51 (4533 turns).

nikopol the Magician (Deep Elf Fire Elementalist)   Turns: 4533, Time: 00:23:52

Health: -13/36     AC:  7    Str:  5    XL:     7   Next: 33%
Magic:  6/18       EV: 14    Int: 22    God:
Gold:   378        SH:  0    Dex: 15    Spells: 7/18 levels left

rFire    . . .     SeeInvis .   d - +0 dagger
rCold    . . .     Gourm    .   (no shield)
rNeg     . . .     Faith    .   a - +0 robe
rPois    .         Spirit   .   w - +2 hat
rElec    .         Reflect  .   t - +2 cloak
rCorr    .         Harm     .   (no gloves)
MR       +....                  (no boots)
Stlth    +.........             (no amulet)
HPRegen  0.12/turn              l - ring of protection from magic
MPRegen  0.16/turn              B - ring of loudness (curse)

@: no status effects
A: no striking features
a: no special abilities


You were on level 5 of the Dungeon.
You were hungry.

You visited 1 branch of the dungeon, and saw 6 of its levels.

You collected 378 gold pieces.

Inventory:

Hand Weapons
 d - a +0 dagger (weapon)
Armour
 a - a +0 robe (worn)
 t - a +2 cloak (worn)
 w - a +2 hat (worn)
Jewellery
 l - a ring of protection from magic (left hand)
 y - an uncursed ring of see invisible
 B - a cursed ring of loudness (right hand)
 D - a cursed amulet of inaccuracy
 H - an uncursed ring of protection from fire {unknown}
 I - an uncursed ring of magical power {unknown}
 L - an uncursed amulet of regeneration
Wands
 J - a wand of random effects (23/48)
 K - a wand of iceblast (9/15)
Scrolls
 g - 4 scrolls of teleportation
 j - 3 scrolls of identify
 o - a scroll of fog {unknown}
 r - a scroll of random uselessness {unknown}
 u - a scroll of recharging {unknown}
 v - a scroll of amnesia {unknown}
 z - a scroll of magic mapping {unknown}
 A - a scroll of enchant weapon {unknown}
 C - a scroll of blinking {unknown}
 F - 2 scrolls of enchant armour {unknown}
Potions
 e - 2 potions of resistance {unknown}
 f - 3 potions of cancellation
 h - a potion of lignification {unknown}
 i - a potion of ambrosia {unknown}
 m - a potion of degeneration {unknown}
 p - 2 potions of mutation {unknown}
 q - 3 potions of flight {unknown}
 s - a potion of agility {unknown}
 x - a potion of invisibility {unknown}
 G - a potion of curing {unknown}
 M - 2 potions of berserk rage {unknown}
 N - a potion of brilliance {unknown}
Books
 b - a book of Flames

   Spells                             Type                      Level
   a - Flame Tongue                   Conjuration/Fire             1
   b - Throw Flame                    Conjuration/Fire             2
   c - Conjure Flame                  Conjuration/Fire             3
   d - Inner Flame                    Hexes/Fire                   3
   e - Sticky Flame                   Conjuration/Fire             4
   f - Fireball                       Conjuration/Fire             5
Comestibles
 c - 5 bread rations
 k - 2 royal jellies
 n - 4 meat rations


   Skills:
 + Level 0.2 Short Blades
 + Level 3.4 Dodging
 + Level 3.4 Stealth
 + Level 6.3 Spellcasting
 + Level 5.1 Conjurations
 + Level 5.4 Fire Magic


You had 7 spell levels left.
You knew the following spells:

 Your Spells              Type           Power        Failure   Level  Hunger
a - Flame Tongue          Conj/Fire      ####.        1%          1    None
b - Throw Flame           Conj/Fire      ####..       1%          2    None
c - Conjure Flame         Conj/Fire      ####....     3%          3    #......
d - Fireball              Conj/Fire      ####......   28%         5    #####..


Dungeon Overview and Level Annotations

Branches:
Dungeon (6/15)
 Temple: D:4-7

Altars:
Cheibriados
Elyvilon
Makhleb
Nemelex Xobeh
Okawaru
Qazlal
Ru
Trog
Wu Jian
Xom
Yredelemnul
The Shining One


Message History

There is an open door here.
Casting: Throw Flame
Confirm with . or Enter, or press ? or * to list all spells.
Aiming: Throw Flame
Press: ? - help, Shift-Dir - straight line, f/p - two-headed ogre
Aim: a two-headed ogre, wielding two giant clubs (severely wounded)
The puff of flame hits the two-headed ogre.
The two-headed ogre is almost dead.
The two-headed ogre closely misses you.
The two-headed ogre hits you with a giant club!
Found a slimy hat.
There is an escape hatch in the ceiling here.
The two-headed ogre closely misses you. The two-headed ogre misses you.
A mysterious force pulls you upwards. The hatch slams shut behind you.
You are feeling hungry.
The two-headed ogre hits you with a giant club!
* * * LOW HITPOINT WARNING * * *
The two-headed ogre hits you with a giant club!!
Ouch! That really hurt!
You die...

.......#...##)#.# #.##.......#
.......#....[.[.# #.##.#####.#
........<.[.....# #....# #...#
.......##.......###########.###
.......'......#.............#
.......###.......############
.......# #..........# ..######
#........#.# ..#
#####......@.#.# ..#
#.........O....# ###
#...........#### #...........#
######...........#
#.............####
#.............# #.............#
#.............#


You could see a two-headed ogre.

Vanquished Creatures
  An ogre (D:4)
  2 howler monkeys (D:4)
  2 hounds (D:5)
  An orc priest (D:5)
  5 orc wizards
  4 worker ants
  A killer bee zombie (D:5)
  5 adders
  An ooze (D:4)
  An adder zombie (D:5)
  4 worms
  3 dart slugs
  5 leopard geckos
  16 orcs
  12 bats
  4 giant cockroaches
  7 goblins
  7 hobgoblins
  4 quokkas (D:4)
  2 ball pythons
  5 frilled lizards
  7 kobolds
  2 quokka zombies
  8 rats
109 creatures vanquished.

Notes
Turn   | Place    | Note
-------+----------+-------------------------------------------
     0 | D:1      | nikopol the Deep Elf Fire Elementalist began the quest for the Orb.
     0 | D:1      | Reached XP level 1. HP: 10/10 MP: 6/6
   151 | D:1      | Reached XP level 2. HP: 15/15 MP: 5/8
   317 | D:1      | Reached XP level 3. HP: 19/19 MP: 3/9
   987 | D:2      | Found an iron altar of Okawaru.
  1332 | D:2      | Found a faded altar of an unknown god.
  1642 | D:3      | Reached XP level 4. HP: 24/24 MP: 4/11
  1785 | D:3      | Reached skill level 4 in Spellcasting
  1792 | D:2      | Learned a level 2 spell: Throw Flame
  1796 | D:2      | Learned a level 3 spell: Conjure Flame
  2303 | D:3      | Reached XP level 5. HP: 28/28 MP: 10/13
  2310 | D:3      | Learned a level 5 spell: Fireball
  2422 | D:3      | Found a burning altar of Makhleb.
  2424 | D:3      | Noticed a blizzard demon
  2635 | D:4      | Found a basalt altar of Yredelemnul.
  2684 | D:4      | Found a shimmering altar of Xom.
  2822 | D:4      | Found a sacrificial altar of Ru.
  2837 | D:4      | Noticed an ogre
  2841 | D:4      | Killed an ogre
  2841 | D:4      | Reached skill level 5 in Spellcasting
  2841 | D:4      | Reached XP level 6. HP: 32/32 MP: 8/15
  2919 | D:4      | Reached skill level 5 in Fire Magic
  3238 | D:5      | Entered Level 5 of the Dungeon
  3302 | D:5      | Found a glowing golden altar of the Shining One.
  3304 | D:5      | Found a bloodstained altar of Trog.
  3304 | D:5      | Found an ornate altar of the Wu Jian Council.
  3304 | D:5      | Found a white marble altar of Elyvilon.
  3305 | D:5      | Found a sparkling altar of Nemelex Xobeh.
  3306 | D:5      | Found a burning altar of Makhleb.
  3306 | D:5      | Found a stormy altar of Qazlal.
  3561 | D:5      | Found a snail-covered altar of Cheibriados.
  3630 | D:5      | Reached XP level 7. HP: 22/36 MP: 0/17
  3984 | D:5      | Reached skill level 6 in Spellcasting
  4102 | D:5      | Reached skill level 5 in Conjurations
  4178 | D:5      | Found a sacrificial altar of Ru.
  4400 | D:6      | Noticed a two-headed ogre
  4533 | D:5      | Mangled by a two-headed ogre

Vault maps used:
D:1:      minmay_arrival_four_houses
D:2:      okawaru_trees_2, chequers_ecumenical_altar_lobes
D:3:      makhleb_altar_promises_db
D:4:      overflow_temple_1_default, xom_butterflies, overflow_temple_1_default,
          first_bread, serial_bayou, serial_bayou_lagoon_a,
          serial_bayou_shore_b, serial_bayou_pond_e, serial_bayou_pond_a,
          serial_bayou_pond_d, interstate_on_off
D:5:      slow_altar_1, grunt_temple_overflow_open, hangedman_ru_absence
D:6:      kennysheep_mini_moat, chequers_ossuary_entry_cave

Skill      XL: |  1  2  3  4  5  6  7 |
---------------+----------------------+-----
Fire Magic     | 4 5 |  5.4
Conjurations   | 2 3 4 5 |  5.1
Stealth        | 3 |  3.4
Spellcasting   | 4 5 6 |  6.3
Dodging        | 3 |  3.4
Short Blades   | |  0.2

Action                   |  1- 3 |  4- 6 |  7- 9 || total
-------------------------+-------+-------+-------++-------
Melee: Dagger            |       |    15 |     4 ||    19
 Cast: Flame Tongue      |    83 |   113 |    56 ||   252
       Throw Flame       |       |    14 |     2 ||    16
       Conjure Flame     |       |     2 |     3 ||     5
       Fireball          |       |       |     1 ||     1
  Use: Scroll            |       |       |     4 ||     4
  Eat: Chunk             |     1 |     6 |     3 ||    10
       Fruit             |       |     1 |       ||     1
Armor: Robe              |     8 |    25 |     3 ||    36
Dodge: Dodged            |    31 |    54 |    11 ||    96
